 Dungeon Crawl Stone Soup version 0.23.2 (webtiles) character file.

Game seed: 7513767344843509684

49 Kairos the Charmwright (level 3, 0/28 HPs)
             Began as a Merfolk Skald on Apr 2, 2019.
             Slain by a kobold (3 damage)
             ... on level 1 of the Dungeon.
             The game lasted 00:02:33 (1402 turns).

Kairos the Charmwright (Merfolk Skald)              Turns: 1402, Time: 00:02:34

Health: 0/28       AC:  4    Str: 12    XL:     3   Next: 77%
Magic:  6/6        EV: 13    Int: 12    God:
Gold:   79         SH:  0    Dex: 13    Spells: 5/6 levels left

rFire    . . .     SeeInvis .   a - +0 spear
rCold    . . .     Gourm    .   (no shield)
rNeg     . . .     Faith    .   b - +0 leather armour
rPois    .         Spirit   .   g - +0 helmet
rElec    .         Reflect  .   (no cloak)
rCorr    .         Harm     .   (no gloves)
MR       .....                  (no boots)
Stlth    +.........             (no amulet)
HPRegen  0.09/turn              (no ring)
MPRegen  0.10/turn              (no ring)

@: no status effects
A: change form in water, swift swim, stealthy swim
a: no special abilities


You were on level 1 of the Dungeon.
You were not hungry.

You visited 1 branch of the dungeon, and saw 2 of its levels.

You collected 79 gold pieces.

Inventory:

Hand Weapons
 a - a +0 spear (weapon)
Armour
 b - a +0 leather armour (worn)
 g - a +0 helmet (worn)
Scrolls
 e - 2 scrolls of remove curse
Comestibles
 d - 4 rations


   Skills:
 + Level 2.4 Fighting
 * Level 3.9 Polearms
 + Level 0.9 Armour
 + Level 3.1 Dodging
 + Level 0.2 Stealth
 + Level 2.2 Spellcasting
 + Level 3.9 Charms


You had 5 spell levels left.
You knew the following spells:

 Your Spells              Type           Power        Failure   Level  Hunger
a - Infusion              Chrm           ##..         7%          1    ##.....

Your spell library contained the following spells:

 Spells                   Type           Power        Failure   Level  Hunger
 Song of Slaying          Chrm           ##......     10%         2    ###....
 Shroud of Golubria       Chrm/Tloc      #.........   22%         2    ###....
 Regeneration             Chrm/Necr      #.........   41%         3    ####...
 Spectral Weapon          Hex/Chrm       #.......     41%         3    ####...


Dungeon Overview and Level Annotations

Branches:
Dungeon (2/15)

Altars:


Message History

Unknown command.
You hit the worm.
The worm is severely wounded.
The kobold barely misses you. The rat completely misses you.
The worm completely misses you. The kobold closely misses you.
The rat misses you.
You climb upwards.
There is a stone staircase leading down here.
You hit the rat but do no damage. The kobold hits you.
* * * LOW HITPOINT WARNING * * *
The rat misses you. The worm barely misses you.
You hit the rat.
The rat is moderately wounded.
The kobold hits you but does no damage. The rat misses you.
You hit the rat.
You kill the rat!
The kobold barely misses you. The worm closely misses you.
All of the chunks of flesh in your inventory have rotted away.
The kobold hits you.
You die...

#.########.### #.....#......#
#.#........#.# ###
####.#####.#..#.##### ..#
#..).............(... #.#
#)##.#####.########## #.# #.##.#
#........... #.# #.##รท#
###########.
#.###########.##@###############.
...............K>w.............#.
#.##########.#################.#.
#.##..............# #.#.
#.##.#######.####.# #.#. #.##.#
#.# #.# #.#( #....# #.# #.# #.#.
###### #.# #.# #.#. ######## #.#
##'### #.#.


You could see a worm and a kobold.

Vanquished Creatures
  2 adders
  An ooze (D:1)
  A dart slug (D:1)
  A leopard gecko (D:1)
  A ball python (D:1)
  A giant cockroach (D:1)
  4 goblins (D:1)
  4 hobgoblins (D:1)
  2 kobolds (D:1)
  A bat (D:1)
  A frilled lizard (D:1)
  5 rats (D:1)
24 creatures vanquished.

Notes
Turn   | Place    | Note
-------+----------+-------------------------------------------
     0 | D:1      | Kairos the Merfolk Skald began the quest for the Orb.
     0 | D:1      | Reached XP level 1. HP: 16/16 MP: 3/3
   424 | D:1      | Reached XP level 2. HP: 17/23 MP: 5/5
  1011 | D:1      | Reached XP level 3. HP: 24/28 MP: 1/6
  1112 | D:1      | You fall through a shaft!
  1402 | D:1      | Slain by a kobold

Skill      XL: |  1  2  3 |
---------------+----------+-----
Dodging        | 3 |  3.1
Fighting       | |  2.4
Polearms       | |  3.9
Armour         | |  0.9
Stealth        | |  0.2
Spellcasting   | |  2.2
Charms         | |  3.9

Action                   || total
-------------------------++-------
Melee: Spear             ||    93
 Cast: Infusion          ||     7
  Use: Scroll            ||     3
       Potion            ||     2
 Stab: Sleeping          ||     2
  Eat: Chunk             ||     2
Armor: Leather armour    ||    16
Dodge: Dodged            ||    61
